 Dungeon Crawl Stone Soup version 0.17.1-1-g73c8601 (webtiles) character file.

30 OdieHerpaderp the Scratcher (level 3, 0/15 HPs)
             Began as a Felid Transmuter on Jan 5, 2016.
             Slain by a hound (2 damage)
             ... on level 2 of the Dungeon.
             The game lasted 00:06:15 (859 turns).

OdieHerpaderp the Scratcher (Felid Transmuter)       Turns: 859, Time: 00:06:16

Health: 0/15       AC:  1    Str:  6    XL:     3   Next: 3%
Magic:  1/7        EV: 18    Int: 14    God:
Gold:   37         SH:  0    Dex: 17    Spells: 2 memorised, 3 levels left
                                        Lives:  0   Deaths: 0

rFire  . . .     SeeInvis +       - Unarmed
rCold  . . .     Clarity  .     (armour unavailable)
rNeg   . . .     SustAt   .     (shield unavailable)
rPois  .         Gourm    .     (helmet unavailable)
rElec  .         Spirit   .     (cloak unavailable)
rCorr  .         Warding  .     (gloves unavailable)
rMut   .         Stasis   .     (boots unavailable)
MR     .....                    (no amulet)
Stlth  ++........               (no ring)
                                (no ring)

@: quick, not resistant to hostile enchantments, unstealthy
A: no armour, no weapons or thrown items, claws 1, fangs 3, see invisible,
carnivore 3, speed 1, shaggy fur 1, slow metabolism 1, sharp paws
a: no special abilities


You were on level 2 of the Dungeon.
You were not hungry.

You visited 1 branch of the dungeon, and saw 2 of its levels.

You collected 37 gold pieces.

Inventory:

Missiles
 a - 2 arrows
Armour
 e - a +0 ring mail
Jewellery
 l - an uncursed ring of wizardry {unknown}
Scrolls
 f - a scroll of identify {unknown}
 h - a scroll of magic mapping {unknown}
 j - a scroll of recharging {unknown}
 k - a scroll of teleportation {unknown}
Potions
 i - a potion of haste {unknown}
 n - 2 potions of flight {unknown}
Books
 b - a book of Changes

   Spells                             Type                      Level
   a - Beastly Appendage              Transmutation                1
   b - Sticks to Snakes               Transmutation                2
   c - Spider Form                    Transmutation/Poison         3
   d - Ice Form                       Ice/Transmutation            4
   e - Blade Hands                    Transmutation                5
Comestibles
 c - a meat ration
 d - 2 beef jerkies
 g - a slice of pizza
 m - a royal jelly


   Skills:
 + Level 1.5 Fighting
 + Level 3.1 Dodging
 + Level 1.1 Stealth
 + Level 3.2 Unarmed Combat
 + Level 2.2 Spellcasting
 + Level 2.4 Transmutations


You had 3 spell levels left.
You knew the following spells:

 Your Spells              Type           Power        Failure   Level  Hunger
a - Beastly Appendage     Trmt           #.....       10%         1    #......
b - Sticks to Snakes      Trmt           #.........   14%         2    ###....


Dungeon Overview and Level Annotations

Branches:
Dungeon (2/15)

Altars:
Makhleb


Innate Abilities, Weirdness & Mutations

You cannot wear armour.
You are incapable of wielding weapons or throwing items.
You have sharp claws.
You have razor-sharp teeth.
You have supernaturally acute eyesight.
You are carnivorous and can eat meat at any time.
You cover ground quickly.
You are covered in fur (AC +1).
You have a slow metabolism.
Your sharp claws are effective at attacking unaware monsters.


Message History

Casting: Sticks to Snakes
Confirm with . or Enter, or press ? or * to list all spells.
You create a snake!
The hound closely misses your ball python.
Your ball python bites the hound.
Your ball python constricts the hound.
Your ball python bites the hound but does no damage.
The hound bites your ball python.
Your ball python dies!
Your ball python barely misses the hound.
Your ball python completely misses the hound.
Your ball python misses the hound.
Your ball python barely misses the hound.
You scratch the hound but do no damage.
The hound is lightly wounded.
The hound bites you.
* * * LOW HITPOINT WARNING * * *
Your ball python bites the hound but does no damage.
Your ball python barely misses the hound.
The hound bites you.
You die...

#### #.. .. # # #. # #.
# #.# # #.# ######## #
#.# ###..@hSS##
########.# #...####..##
........†###..## #...#
########......# #.....#
.....###.##...##∩_....#
..............###.....#
#####.##.###### ..#.###
# #.##.# ###### #
#)##.#


You could see a hound and 2 friendly ball pythons.

Vanquished Creatures
  A worm (D:2)
  A giant cockroach (D:2)
  4 goblins
  A hobgoblin (D:1)
  A kobold (D:1)
  A ball python (D:1)
  7 bats
  A giant gecko (D:1)
  3 giant newts (D:1)
  5 rats
25 creatures vanquished.

Vanquished Creatures (collateral kills)
  2 hobgoblins
  3 kobolds
5 creatures vanquished.

Grand Total: 30 creatures vanquished

Notes
Turn   | Place    | Note
--------------------------------------------------------------
     0 | D:1      | OdieHerpaderp the Felid Transmuter began the quest for the Orb.
     0 | D:1      | Reached XP level 1. HP: 9/9 MP: 4/4
   346 | D:1      | Reached XP level 2. HP: 8/12 MP: 4/6
   356 | D:1      | Learned a level 2 spell: Sticks to Snakes
   736 | D:2      | Reached skill level 1 in Stealth
   835 | D:2      | Reached XP level 3. HP: 5/15 MP: 5/7
   849 | D:2      | Found a burning altar of Makhleb.
   859 | D:2      | Slain by a hound

Action                   || total
-------------------------++-------
Melee: Unarmed           ||    68
 Cast: Beastly Appendage ||     7
       Sticks to Snakes  ||    10
 Stab: Sleeping          ||     5
